 Dungeon Crawl Stone Soup version 0.23.0-33-g5e6c059fef (webtiles) character file.

Game seed: 3307695648669266921

237 OdinFK the Firebug (level 5, -6/28 HPs)
             Began as a Deep Elf Fire Elementalist on Feb 27, 2019.
             Killed from afar by Dowan (8 damage)
             ... with a puff of flame
             ... on level 4 of the Dungeon.
             The game lasted 00:13:51 (2957 turns).

OdinFK the Firebug (Deep Elf Fire Elementalist)     Turns: 2957, Time: 00:13:52

Health: -6/28      AC:  5    Str:  5    XL:     5   Next: 77%
Magic:  0/14       EV: 17    Int: 21    God:
Gold:   92         SH:  0    Dex: 15    Spells: 3/13 levels left

rFire    . . .     SeeInvis .   e - +0 dagger
rCold    . . .     Gourm    .   (no shield)
rNeg     . . .     Faith    .   a - +0 robe
rPois    .         Spirit   .   b - +2 helmet
rElec    .         Reflect  .   (no cloak)
rCorr    .         Harm     .   (no gloves)
MR       .....                  (no boots)
Stlth    ++........             s - amulet of magic regeneration
HPRegen  0.09/turn              g - +3 ring of evasion
MPRegen  0.14/turn              (no ring)

@: no status effects
A: no striking features
a: no special abilities


You were on level 4 of the Dungeon.
You were not hungry.

You visited 1 branch of the dungeon, and saw 4 of its levels.

You collected 92 gold pieces.

Inventory:

Hand Weapons
 e - a +0 dagger (weapon)
Armour
 a - a +0 robe (worn)
 b - a +2 helmet (worn)
 l - a +2 buckler
Jewellery
 g - a +3 ring of evasion (left hand)
 s - an amulet of magic regeneration (around neck)
Wands
 j - a wand of clouds (3)
Scrolls
 d - 4 scrolls of teleportation {unknown}
 f - a scroll of enchant armour {unknown}
 i - 2 scrolls of magic mapping {unknown}
 p - a scroll of amnesia {unknown}
Potions
 h - a potion of magic {unknown}
 k - a potion of resistance {unknown}
 m - a potion of lignification {unknown}
 q - a potion of curing {unknown}
 r - a potion of might {unknown}
Miscellaneous
 n - a lamp of fire
Comestibles
 c - 9 rations


   Skills:
 + Level 0.4 Short Blades
 + Level 3.5 Dodging
 - Level 2.6 Stealth
 + Level 4.9 Spellcasting
 + Level 3.0 Conjurations
 + Level 4.9 Fire Magic


You had 3 spell levels left.
You knew the following spells:

 Your Spells              Type           Power        Failure   Level  Hunger
a - Flame Tongue          Conj/Fire      ###..        2%          1    None
b - Throw Flame           Conj/Fire      ###...       3%          2    None
c - Conjure Flame         Conj/Fire      ###.....     6%          3    ##.....
d - Sticky Flame          Conj/Fire      ###.....     22%         4    ####...

Your spell library contained the following spells:

 Spells                   Type           Power        Failure   Level  Hunger
 Inner Flame              Hex/Fire       ###.....     12%         3    ##.....
 Fireball                 Conj/Fire      ###.......   52%         5    #####..


Dungeon Overview and Level Annotations

Branches:
Dungeon (4/15)
 Temple: D:4-7

Altars:
Xom

Annotations:
D:4 Dowan, Duvessa


Message History

Confirm with . or Enter, or press ? or * to list all spells.
Aiming: Flame Tongue (safe; 2% risk of failure)
Press: ? - help, Shift-Dir - straight line, f/p - Duvessa
Aim: Duvessa, wielding a +0 short sword and wearing a +0 leather armour (severely wounded, fast)
The flame tongue misses Duvessa.
Duvessa hits you with a +0 short sword. x2
Casting: Flame Tongue (safe; 2% risk of failure)
Confirm with . or Enter, or press ? or * to list all spells.
You don't know that spell.
Duvessa says, "Where magic fails, the sword succeeds!"
Duvessa hits you with a +0 short sword. Dowan gestures at you while chanting.
The puff of flame hits you!
Dowan mumbles some strange words.
Dowan blinks!
Duvessa says, "Where magic fails, the sword succeeds!"
Duvessa hits you with a +0 short sword!
* * * LOW HITPOINT WARNING * * *
Dowan casts a spell at you. The puff of flame hits you!
You die...

###..## ##....## . ##..#
##....# ## ...###...#
##...####. .........######
#........ ..............##
#........ ..
.#######...........######.
... ##..####.....# ## ...##
###...# ####..## ## ...
.....###....@## #...# #.
....
#...........e#####......##..
...#####........e..##..##
..... #...##
#.......##.....## #†..#
#..###.....####......# ##..#
#.......### #...#..## #..#
#......## #...###..### #..
#.......# #..## #....####..
# #.......# #..##
##....".....


You could see Duvessa and Dowan.

Vanquished Creatures
  3 orc wizards (D:3)
  3 gnolls (D:3)
  5 adders
  3 worms
  A dart slug (D:2)
  3 leopard geckos (D:2)
  12 orcs (D:3)
  A ball python (D:3)
  3 giant cockroaches
  7 goblins
  6 hobgoblins
  5 kobolds
  5 bats
  3 frilled lizards
  5 rats
65 creatures vanquished.

Notes
Turn   | Place    | Note
-------+----------+-------------------------------------------
     0 | D:1      | OdinFK the Deep Elf Fire Elementalist began the quest for
                  | the Orb.
     0 | D:1      | Reached XP level 1. HP: 10/10 MP: 6/6
   191 | D:1      | Reached XP level 2. HP: 15/15 MP: 5/8
   195 | D:1      | Learned a level 2 spell: Throw Flame
   806 | D:2      | Reached XP level 3. HP: 19/19 MP: 4/9
  1767 | D:3      | Reached XP level 4. HP: 24/24 MP: 11/11
  1851 | D:3      | Learned a level 3 spell: Conjure Flame
  1856 | D:3      | Learned a level 4 spell: Sticky Flame
  2078 | D:3      | Found a shimmering altar of Xom.
  2080 | D:3      | Found a shimmering altar of Xom.
  2081 | D:3      | Found a shimmering altar of Xom.
  2445 | D:3      | Reached XP level 5. HP: 28/28 MP: 5/13
  2878 | D:4      | Noticed Duvessa
  2936 | D:4      | Noticed Dowan
  2957 | D:4      | Killed from afar by Dowan

Skill      XL: |  1  2  3  4  5 |
---------------+----------------+-----
Fire Magic     | 4 |  4.9
Dodging        | 3 |  3.5
Conjurations   | 2 3 |  3.0
Spellcasting   | 4 |  4.9
Short Blades   | |  0.4
Stealth        | |  2.6

Action                   |  1- 3 |  4- 6 || total
-------------------------+-------+-------++-------
Melee: Dagger            |    22 |    30 ||    52
 Cast: Flame Tongue      |    57 |    55 ||   112
       Throw Flame       |     7 |    30 ||    37
       Conjure Flame     |       |     1 ||     1
Evoke: Lamp of fire      |       |     1 ||     1
  Eat: Chunk             |     3 |     4 ||     7
Armor: Robe              |    12 |    20 ||    32
Dodge: Dodged            |    35 |    83 ||   118
